Map: 2000 атмосфер РВ

Players

leonsam

  • Race: Terran Terran

ИИ 1 (эксперт) - Winner!

  • Race: Protoss Protoss

VOD

Have the link to the VOD?

Description

Time

  • Played on: April 28, 2021, 6:05 p.m.
  • Length: 2:37
Show
View Real Time Build Order
Export as new Build Order

leonsam Terran 

Build Orders: Reaper Expand 

Get SALT Encoding   

  12  0:00  SCV  
  13  0:12  SCV  
  14  0:17  Supply Depot  
  14  0:24  SCV  
  15  0:39  SCV  
  15  0:40  Barracks  
  16  0:45  Refinery  
  16  0:51  SCV  
  17  1:04  SCV  
  18  1:16  SCV  
  19  1:28  Reaper  
  19  1:30  Orbital Command  
  20  1:40  Command Center  
  20  1:55  SCV  
  20  2:01  Barracks Reactor  
  21  2:08  Barracks  
  21  2:09  SCV  
  21  2:13  Refinery  
  22  2:22  SCV  
  23  2:34  Supply Depot  
Show
View Real Time Build Order
Export as new Build Order

ИИ 1 (эксперт) Protoss - Winner!

Build Orders:  

Get SALT Encoding   

  12  0:00  Probe  
  13  0:13  Probe  
  14  0:19  Pylon  
  14  0:25  Probe  
  15  0:34  Probe  
  15  0:42  Probe  
  16  0:47  Assimilator  
  17  0:50  Gateway  
  17  0:52  Probe  
  18  1:00  Pylon, Probe  
  19  1:08  Probe  
  19  1:18  Probe  
  21  1:35  Gateway  
  21  1:38  Probe  
  21  1:39  Zealot  
  24  1:42  Cybernetics Core  
  24  1:49  Pylon  
  24  1:50  Probe  
  25  1:57  Zealot  
  25  2:02  Probe  
  28  2:12  Assimilator  
  28  2:14  Probe  
Tags
 
Add a new tag
Caveats
  • Supply blocks, unpowered buildings, or Contaminate may cause inaccurate times.
  • Supply counts are checked every 10 seconds.